 Dungeon Crawl Stone Soup version 0.30-a0-1006-g5d778dfbfc (webtiles) character file.

Game seed: 5849310512421280523

2763 Dirian the Cleaver (level 9, 0/81 HPs)
             Began as a Minotaur Berserker on Apr 5, 2023.
             Was an Elder of Trog.
             Slain by an orc knight
             ... wielding a +0 halberd
              (14 damage)
             ... in a bailey.
             The game lasted 00:10:43 (5251 turns).

Dirian the Cleaver (Minotaur Berserker)             Turns: 5251, Time: 00:10:44

Health: 0/81       AC: 20    Str: 26    XL:     9   Next: 42%
Magic:  7/7        EV:  9    Int:  4    God:    Trog [****..]
Gold:   456        SH:  0    Dex: 10    Spells: 8/8 levels left

rFire   . . .      SeeInvis .    a - +0 hand axe
rCold   . . .      Faith    .    (no shield)
rNeg    . . .      Spirit   .    s - +0 chain mail
rPois   .          Reflect  .    (helmet restricted)
rElec   .          Rampage  .    p - +2 cloak
rCorr   .                        l - +1 pair of gloves
Will    ++...                    k - +1 pair of boots Stlth
                                 v - amulet of regeneration
HPRegen 2.13/turn                (no ring)
MPRegen 0.10/turn                (no ring)

@: mighty, strong-willed, on berserk cooldown, regenerating, slowed, unable to
drink, very slow
A: horns 2, retaliatory headbutt, low MP 1, shaggy fur 1, inability to drink
after injury 1
a: Renounce Religion, Berserk, Trog's Hand, Brothers in Arms


You were in a bailey.
You worshipped Trog.
Trog was greatly pleased with you.
You visited 1 branch of the dungeon, and saw 7 of its levels.
You also visited: Bailey.

You collected 456 gold pieces.

Inventory:

Hand Weapons
 a - a +0 hand axe (weapon)
 x - a +0 morningstar
Missiles
 j - 4 javelins (quivered)
Armour
 k - a +1 pair of boots (worn)
 l - a +1 pair of gloves (worn)
 p - a +2 cloak (worn)
 s - a +0 chain mail (worn)
Jewellery
 v - an amulet of regeneration (around neck)
Wands
 b - a wand of flame (13)
 c - a wand of iceblast (13)
 y - a wand of light (7)
Scrolls
 e - a scroll of fear
 h - 2 scrolls of poison
 o - a scroll of butterflies
 t - a scroll of teleportation
 u - a scroll of enchant armour
 C - a scroll of fog
Potions
 f - 3 potions of lignification
 g - 2 potions of ambrosia
 q - 2 potions of curing
 w - 3 potions of heal wounds


   Skills:
 + Level 8.0 Fighting
 + Level 11.8 Axes
 + Level 8.3 Armour
 - Level 2.1 Dodging


You had 8 spell levels left.
You didn't know any spells.
Your spell library was empty.

Dungeon Overview and Level Annotations

Branches:
Dungeon (7/15) Zot: 26868  Temple (0/1) D:5          Bailey (1/1) Zot: 5792

Altars:
Dithmenos
Sif Muna
Wu Jian

Shops:
D:5 :


Innate Abilities, Weirdness & Mutations

You have a pair of horns on your head.
You reflexively headbutt those who attack you in melee.
Your magical capacity is low. (-10% MP)
You are covered in fur. (AC +1)
You occasionally lose the ability to drink potions when taking damage.


Message History

The orc warrior is lightly wounded.
You closely miss the orc warrior.
The orc warrior is lightly wounded.
The orc warrior hits you with a +0 halberd!
You hit the orc warrior.
The orc warrior is moderately wounded.
You hit the orc warrior.
The orc warrior is heavily wounded.
The orc warrior no longer looks unusually strong.
The orc warrior barely misses you.
You miss the orc warrior.
The orc warrior is heavily wounded.
The orc warrior hits you with a +0 halberd!
You hit the orc warrior. You headbutt the orc warrior!
You kill the orc warrior!
Trog accepts your kill.
Your Fighting skill increases to level 8!
You feel a strong urge to attack something.
You are no longer berserk.
You are exhausted.
You feel yourself slow down.
The orc knight roars a battlecry!
The orc warrior goes into a battle-frenzy!
You feel very mighty all of a sudden.
The orc knight hits you but does no damage.
The orc knight hits you from afar with a +0 halberd!
You feel threatened and lose the ability to drink potions!
The orc knight hits you with a +0 halberd!
* * * LOW HITPOINT WARNING * * *
The orc warrior splashes around in the water.
You cannot drink potions in your current state!
Okay, then.
You cannot drink potions in your current state!
Your skin crawls.
You feel strong-willed.
The orc knight hits you with a +0 halberd!
* * * LOW HITPOINT WARNING * * *
The orc warrior splashes around in the water.
The orc knight hits you with a +0 halberd!
You die...

~~..## ..≈≈ooo§. ##..~~.# ).)##
.o§≈§§ ##).~.# ~.## #...§ ##.~.#
~.#########'###+#############.~.#
~..))..)..)##.....##....).)...~.#
~~~~~~~)~~.)##.∩.##..~~~~~)~~~~.#
.........~~..## ##..~~..........#
########..~~..###..~~..##########
##..~~..o@.~~..## ##..~~~o~~~..##
##.........## ###########


You could see an orc knight and an orc warrior (strong).

Vanquished Creatures
  Edmund (D:5)
  2 water moccasins
  3 ice beasts
  3 orc warriors (Bailey)
  An ogre (D:6)
  3 phantoms
  Blork the orc (D:5)
  2 bullfrogs (D:7)
  5 wights (D:6)
  4 hounds
  4 jellies
  Crazy Yiuf (D:2)
  A gnoll bouda (D:7)
  4 orc priests
  4 sleepcaps
  4 iguanas
  5 orc wizards
  8 adders
  15 gnolls
  A shadow imp (D:6)
  2 white imps (D:6)
  An ufetubus (D:6)
  4 dart slugs
  22 orcs
  7 ball pythons
  6 endoplasms
  4 giant cockroaches
  8 hobgoblins
  5 jackals
  6 kobolds
  4 quokkas
  4 bats
  3 frilled lizards (D:1)
  9 goblins
  9 rats
166 creatures vanquished.

Vanquished Creatures (others)
  Ijyb (D:5)
  An orc (D:4)
  A ball python (D:4)
3 creatures vanquished.

Grand Total: 169 creatures vanquished

Notes
Turn   | Place    | Note
-------+----------+-------------------------------------------
     0 | D:1      | Dirian the Minotaur Berserker began the quest for the Orb.
     0 | D:1      | Reached XP level 1. HP: 19/19 MP: 0/0
     2 | D:1      | You fall into a shaft and drop 1 floor!
     8 | D:2      | Found a shadowy altar of Dithmenos.
   194 | D:1      | Reached skill level 4 in Axes
   194 | D:1      | Reached XP level 2. HP: 24/27 MP: 1/1
   448 | D:1      | Reached ** piety under Trog
   451 | D:1      | Reached XP level 3. HP: 30/34 MP: 2/2
   699 | D:2      | Reached XP level 4. HP: 34/41 MP: 3/3
   892 | D:2      | Found a runed translucent door.
   893 | D:2      | Noticed Crazy Yiuf
   939 | D:2      | Reached skill level 5 in Axes
  1223 | D:2      | Killed Crazy Yiuf
  1374 | D:3      | Reached XP level 5. HP: 44/47 MP: 4/4
  1593 | D:3      | Found a shadowy altar of Dithmenos.
  1658 | D:3      | Reached skill level 5 in Fighting
  1936 | D:3      | Found a shimmering blue altar of Sif Muna.
  2402 | D:4      | Found an ornate altar of the Wu Jian Council.
  2524 | D:4      | Reached skill level 6 in Axes
  2654 | D:4      | Reached XP level 6. HP: 56/56 MP: 5/5
  2672 | D:4      | Reached *** piety under Trog
  3451 | D:5      | Entered Level 5 of the Dungeon
  3501 | D:5      | Reached skill level 5 in Armour
  3555 | D:5      | Noticed Edmund
  3574 | D:5      | Killed Edmund
  3575 | D:5      | Reached skill level 7 in Axes
  3575 | D:5      | Reached XP level 7. HP: 51/62 MP: 6/6
  3639 | D:5      | Reached skill level 8 in Axes
  3833 | D:5      | Found Inioni's Book Boutique.
  4048 | D:5      | Reached XP level 8. HP: 69/71 MP: 7/7
  4156 | D:5      | Noticed Ijyb
  4156 | D:5      | Noticed Blork the orc
  4157 | D:5      | Found a staircase to the Ecumenical Temple.
  4164 | D:5      | Killed Blork the orc
  4169 | D:5      | Killed Ijyb
  4273 | D:6      | Reached skill level 9 in Axes
  4366 | D:6      | Reached skill level 10 in Axes
  4770 | D:6      | Reached **** piety under Trog
  4771 | D:6      | Reached skill level 11 in Axes
  4771 | D:6      | Reached XP level 9. HP: 79/79 MP: 8/8
  4862 | D:6      | Gained mutation: Your magical capacity is low. (-10% MP)
                  | [potion of mutation]
  4862 | D:6      | Gained mutation: You occasionally lose the ability to drink
                  | potions when taking damage. [potion of mutation]
  4862 | D:6      | Gained mutation: You are covered in fur. (AC +1) [potion of
                  | mutation]
  4987 | D:7      | Found a flagged portal.
  5034 | Bailey   | Entered a bailey
  5220 | Bailey   | Noticed an orc knight
  5251 | Bailey   | Slain by an orc knight

Illustrated notes

Levels and vault maps discovered:
D:1:      minmay_arrival_nine_rooms, layout_rooms
D:2:      layout_basic, basic_altar, minivault_14, small_statue_intersection,
          minmay_misc_feat_tiny, uniq_crazy_yiuf_cottage
D:3:      layout_basic, lemuel_blue_sif_altar,
          mainiacjoe_overflow_small_starburst, small_statue_intersection
D:4:      layout_basic, kennysheep_mini, roderic_serpentine_path,
          hangedman_decor_clover_reticule
D:5:      layout_layer_cave, minmay_temple_entry_nine_rooms, serial_shops,
          nicolae_shop_behind_doors, uniq_blork_the_orc, uniq_ijyb, uniq_edmund
D:6:      layout_basic, reono_crystal_passage, corexii_leaking_fountain
D:7:      layout_rooms, kennysheep_little_box, enter_bailey_4, serial_shops,
          nicolae_take_the_stairs
Bailey:   bailey_polearm_1, bailey

Skill      XL: |  1  2  3  4  5  6  7  8  9 |
---------------+----------------------------+-----
Fighting       | 4 5 6 7 8 |  8.0
Axes           | 4 5 6 7 8 11 | 11.8
Armour         | 3 4 5 6 7 8 |  8.3
Dodging        | |  2.1

Action                     |  1- 3 |  4- 6 |  7- 9 || total
---------------------------+-------+-------+-------++-------
  Melee: Hand axe          |    52 |   158 |   298 ||   508
         Headbutt          |    13 |    27 |    67 ||   107
         Punch             |       |       |     1 ||     1
 Invoke: Berserk           |     1 |     1 |     2 ||     4
         Trog's Hand       |       |     1 |     4 ||     5
    Use: Scroll            |       |     9 |     4 ||    13
         Potion            |       |     1 |     8 ||     9
 Armour: Ring mail         |    17 |    77 |       ||    94
         Chain mail        |       |    28 |   165 ||   193
  Dodge: Dodged            |    29 |    61 |   132 ||   222

Table legend: (Time is in decaauts)
 A = Elapsed time spent in this place.
 B = Non-inter-level travel time spent in this place.
 C = Inter-level travel time spent in this place.
 D = Time resting spent in this place.
 E = Time spent auto-exploring this place.
 F = Levels seen in this place.
 G = Mean time per level.
                   A        B        C        D        E       F      G
               +--------+--------+--------+--------+--------+-----+--------+
         Total |   5243 |   5077 |    166 |     42 |   3803 |   8 |  655.4 |
       Dungeon |   5037 |   4871 |    166 |     42 |   3754 |   7 |  719.6 |
        Bailey |    206 |    206 |      0 |      0 |     49 |   1 |  206.0 |
               +--------+--------+--------+--------+--------+-----+--------+

Top non-repeatable levels by time:
     D:4: 1212 daAuts
     D:3: 971 daAuts
     D:5: 794 daAuts
     D:2: 749 daAuts
     D:6: 635 daAuts
     D:1: 543 daAuts
  Bailey: 206 daAuts
     D:7: 131 daAuts
